Map: Catalyst LE

Players

MrHase

  • Race: Zerg Zerg
  • League: Master
  • Spawn Location: 5:00

BlackDragon - Winner!

  • Race: Terran Terran
  • League: Master
  • Spawn Location: 11:00

VOD

Have the link to the VOD?

Description

Time

  • Played on: July 2, 2018, 8:45 p.m.
  • Length: 17:58
Show
View Real Time Build Order
Export as new Build Order

MrHase Zerg 

Build Orders: Hatch First, Swarm Host 

Get SALT Encoding   

  12  0:01  Drone  
  13  0:13  Overlord  
  13  0:17  Drone  
  13  0:20  Extractor  
  13  0:24  Drone  
  15  0:31  Drone  
  15  0:35  Drone  
  17  0:56  Hatchery  
  16  0:59  Drone  
  17  1:11  Spawning Pool  
  17  1:15  Drone  
  17  1:18  Drone  
  17  1:22  Drone  
  19  1:28  Drone  
  20  1:36  Extractor  
  19  1:53  Overlord  
  19  1:56  Drone  
  19  1:59  Queen  
  22  2:08  Zergling x2  
  23  2:09  Queen  
  23  2:10  Zergling x2  
  23  2:13  Drone  
  27  2:24  Drone x2  
  29  2:30  Drone  
  29  2:33  Drone  
  31  2:41  Queen  
  33  2:52  Hatchery  
  33  2:54  Metabolic Boost  
  32  3:01  Drone x3  
  35  3:05  Overlord  
  35  3:09  Drone  
  36  3:17  Extractor  
  35  3:20  Queen  
  35  3:21  Overlord, Extractor  
  39  3:27  Drone x3  
  39  3:30  Overlord  
  39  3:34  Drone  
  42  3:35  Drone  
  42  3:38  Drone  
  42  3:40  Drone x2  
  46  3:42  Zergling x2  
  47  3:51  Drone x2  
  49  4:01  Drone x5  
  49  4:02  Baneling Nest, Extractor, Drone  
  55  4:08  Queen  
  55  4:11  Extractor, Drone x2  
  55  4:16  Drone x2  
  58  4:26  Overlord  
  58  4:27  Overlord  
  58  4:40  Lair  
  58  4:43  Spore Crawler, Roach Warren  
  58  4:44  Queen  
  58  4:45  Spore Crawler  
  57  4:46  Baneling  
  57  4:47  Baneling x2  
  57  4:51  Zergling x8  
  61  4:53  Baneling x2  
  61  5:05  Zergling x4  
  61  5:06  Overlord  
  61  5:07  Overlord  
  63  5:16  Overlord  
  63  5:23  Evolution Chamber  
  63  5:25  Baneling x3  
  63  5:27  Roach x6  
  74  5:32  Drone x4  
  70  5:44  Overseer  
  65  5:53  Drone x8  
  67  6:02  Drone x2  
  66  6:10  Drone x4  
  68  6:21  Drone x6  
  74  6:30  Spine Crawler  
  73  6:35  Drone x4  
  73  6:37  Zerg Missile Weapons Level 1, Glial Reconstitution  
  77  6:45  Roach x2  
  81  6:49  Baneling x2, Spine Crawler  
  81  6:51  Overlord, Drone x2  
  81  6:52  Overlord  
  82  7:04  Extractor  
  82  7:05  Overlord x2  
  81  7:11  Roach  
  81  7:12  Roach x3  
  89  7:16  Drone x3  
  89  7:17  Drone x3  
  89  7:21  Hatchery  
  94  7:26  Drone x3  
  97  7:34  Drone x2  
  97  7:35  Drone x3  
  102  7:39  Extractor  
  101  7:45  Drone x2  
  101  7:47  Infestation Pit  
  101  7:48  Evolution Chamber  
  103  7:51  Roach x5  
  103  7:52  Roach x2  
  103  7:54  Drone  
  103  7:57  Extractor  
  103  7:58  Overlord x3  
  113  8:03  Overlord  
  113  8:04  Zergling x2  
  114  8:13  Overlord  
  114  8:16  Drone x7  
  121  8:20  Spine Crawler  
  121  8:25  Spine Crawler, Drone x2  
  121  8:30  Spine Crawler  
  116  8:40  Drone x7  
  122  8:44  Zerg Missile Weapons Level 2  
  122  8:46  Swarm Host x3  
  122  8:47  Swarm Host x2  
  137  8:57  Drone x8  
  145  9:07  Swarm Host x4  
  145  9:08  Swarm Host  
  160  9:22  Extractor, Drone  
  160  9:23  Overlord, Spore Crawler, Extractor  
  160  9:24  Overlord x5  
  158  9:34  Spine Crawler  
  158  9:35  Spine Crawler  
  156  9:44  Swarm Host  
  156  9:45  Swarm Host x6  
  168  10:20  Swarm Host x4  
  141  10:44  Roach x12  
  165  10:53  Roach x3  
  171  10:58  Drone x5  
  171  11:03  Drone  
  177  11:06  Overlord x3  
  177  11:14  Hatchery, Zergling x2  
  176  11:22  Spine Crawler  
  176  11:24  Hydralisk Den  
  174  11:31  Queen x2  
  178  11:33  Spore Crawler  
  178  11:38  Queen  
  177  11:45  Queen  
  171  11:56  Roach x12  
  175  12:07  Queen  
  179  12:13  Swarm Host x4  
  179  12:14  Burrow  
  191  12:18  Hive, Zerg Ground Armor Level 1  
  189  12:24  Zergling x4  
  189  12:25  Hatchery, Zergling x4  
  192  12:41  Swarm Host  
  192  12:42  Swarm Host x4  
  198  12:52  Grooved Spines  
  195  13:12  Roach x10  
  199  13:13  Roach x3  
  199  13:32  Spire  
  190  13:48  Hydralisk x14  
  174  13:49  Hydralisk  
  199  14:04  Muscular Augments  
  184  14:24  Hydralisk x3  
  172  14:35  Hydralisk x6  
  172  14:36  Hydralisk x4  
  191  14:50  Lair  
  175  14:53  Hydralisk Den  
  175  14:55  Infestation Pit  
  175  14:57  Roach Warren  
  162  15:05  Swarm Host x6  
  146  15:23  Spore Crawler  
  146  15:24  Spore Crawler  
  142  15:40  Hydralisk x2  
  141  15:44  Drone x10  
  141  15:49  Drone x7  
  148  16:00  Hatchery, Hydralisk  
  148  16:01  Hydralisk x2  
  149  16:27  Hydralisk  
  149  16:28  Hydralisk x5  
  161  16:35  Swarm Host x3  
  170  16:53  Hydralisk x3  
  168  16:59  Hydralisk  
  145  17:32  Hydralisk x4  
  145  17:34  Drone  
Show
View Real Time Build Order
Export as new Build Order

BlackDragon Terran - Winner!

Build Orders: Hellion Opening, Reaper Expand, Mech 

Get SALT Encoding   

  12  0:01  SCV  
  13  0:13  SCV  
  14  0:18  Supply Depot  
  14  0:25  SCV  
  15  0:29  Refinery  
  15  0:39  SCV  
  16  0:47  Barracks  
  16  0:51  SCV  
  17  1:04  SCV  
  18  1:16  SCV  
  19  1:34  Orbital Command  
  19  1:35  Reaper  
  20  1:50  Command Center  
  20  2:00  Factory  
  20  2:03  SCV  
  21  2:09  Barracks Reactor  
  21  2:16  Supply Depot  
  21  2:18  SCV  
  22  2:23  Refinery  
  22  2:30  SCV  
  23  2:42  SCV  
  24  2:46  Starport  
  24  2:52  Hellion x2  
  24  2:54  Barracks Tech Lab  
  28  2:59  SCV  
  28  3:03  Orbital Command  
  29  3:11  SCV  
  30  3:19  Hellion x2  
  34  3:25  SCV  
  35  3:30  Viking  
  35  3:31  SCV  
  38  3:36  Supply Depot  
  38  3:39  SCV  
  39  3:43  SCV  
  39  3:48  Hellion x2  
  44  3:52  SCV  
  45  3:58  SCV  
  45  4:00  Supply Depot  
  46  4:03  Supply Depot  
  46  4:04  Medivac  
  48  4:12  Hellion x2  
  52  4:17  Armory  
  52  4:18  SCV  
  52  4:19  Liberator  
  52  4:20  SCV  
  54  4:27  Supply Depot  
  54  4:30  SCV  
  58  4:43  SCV x2  
  58  4:44  Hellion x2  
  64  4:57  Command Center  
  64  4:58  SCV x2  
  66  5:08  Terran Vehicle Weapons Level 1  
  66  5:12  Barracks Tech Lab  
  66  5:15  Factory x2  
  66  5:18  Hellion  
  66  5:19  Hellion  
  70  5:26  SCV x2  
  72  5:42  Refinery  
  62  5:43  Refinery  
  58  5:59  Banshee, Hellion x2  
  62  6:10  Orbital Command, SCV x2  
  58  6:12  Factory Tech Lab x2  
  58  6:15  Factory  
  58  6:39  Hellion x2  
  62  6:41  Orbital Command  
  64  6:48  Thor x2  
  64  6:49  SCV  
  64  6:53  SCV  
  74  6:54  Supply Depot  
  74  7:00  Factory Reactor  
  74  7:02  Factory  
  74  7:03  SCV  
  74  7:05  Refinery, SCV  
  74  7:07  Command Center  
  76  7:10  Engineering Bay, Hellion x2  
  76  7:14  Refinery  
  76  7:15  SCV  
  81  7:16  SCV  
  81  7:22  SCV  
  83  7:27  Terran Vehicle And Ship Armor Level 1  
  83  7:29  Armory  
  83  7:30  Supply Depot  
  83  7:32  Supply Depot  
  83  7:34  Siege Tank, Supply Depot  
  86  7:39  Missile Turret  
  86  7:40  Missile Turret  
  86  7:43  Missile Turret  
  86  7:45  SCV x3  
  86  7:51  Factory Tech Lab  
  89  7:59  Supply Depot  
  89  8:03  Medivac  
  91  8:06  Hellion x2  
  91  8:09  SCV x2  
  91  8:10  SCV  
  98  8:14  Siege Tank x2  
  98  8:15  Siege Tank  
  98  8:16  Hellion  
  98  8:17  Hellion  
  111  8:27  Hellion x2  
  109  8:39  Raven  
  107  8:48  Siege Tank  
  107  8:49  Sensor Tower  
  107  8:51  Sensor Tower  
  110  9:00  Starport  
  110  9:02  Starport  
  110  9:06  Supply Depot  
  110  9:07  Supply Depot, SCV x3  
  113  9:18  Smart Servos, Infernal Pre-Igniter  
  113  9:20  SCV x3, Hellion x2  
  113  9:21  Hellion  
  127  9:32  Terran Vehicle Weapons Level 2, Terran Vehicle And Ship Armor Level 2  
  127  9:33  Hellion x4  
  127  9:35  Orbital Command, SCV x2  
  126  9:54  Hellion x3  
  126  9:55  Starport Reactor, SCV x3  
  126  9:56  Starport Reactor  
  133  10:09  SCV x4  
  133  10:10  Siege Tank x3  
  142  10:23  Refinery  
  129  10:44  Siege Tank x2, Hellion x3  
  129  10:45  Siege Tank, Hellion  
  129  10:49  Hellion x2  
  136  10:53  Viking x3  
  133  11:00  Refinery  
  133  11:06  Factory  
  133  11:13  SCV x3  
  136  11:19  Siege Tank x3, Hellion x3  
  151  11:26  Supply Depot  
  151  11:29  Thor  
  133  11:48  Hellion x4  
  133  11:52  Hellion x3  
  147  11:57  Terran Vehicle And Ship Armor Level 3, Liberator x4, Terran Vehicle Weapons Level 3  
  147  12:09  Missile Turret  
  147  12:10  Hellion x4  
  167  12:22  Barracks Tech Lab  
  167  12:25  Factory Tech Lab  
  167  12:26  Barracks  
  167  12:27  Barracks  
  167  12:29  Hellion, Command Center  
  171  12:30  Barracks, Hellion  
  171  12:33  Command Center  
  171  12:34  Supply Depot  
  171  12:43  Hellion  
  171  12:46  Hellion  
  171  12:48  Hellion x2  
  172  12:55  Hellion x2  
  170  13:09  Siege Tank x3  
  175  13:13  Barracks Tech Lab x2, Hellion x3  
  175  13:16  Siege Tank  
  175  13:17  Ghost Academy, Hellion  
  178  13:34  Hellion  
  160  13:56  Siege Tank x4  
  160  13:57  Barracks Tech Lab, Hellion  
  166  14:29  Siege Tank, Hellion  
  166  14:30  Hellion x4  
  157  14:36  Ghost  
  148  15:08  Terran Ship Weapons Level 1  
  125  15:26  Siege Tank x2, Hellion x6  
  122  15:47  Siege Tank x2  
  122  15:49  Refinery  
  128  15:50  Refinery  
  128  15:51  Missile Turret  
  128  15:55  Hellion x4, Ghost x4  
  141  15:58  Hellion  
  143  16:14  Liberator x4  
  136  16:30  Siege Tank x3, Hellion x5  
  136  16:31  Ghost x2  
  136  16:32  Ghost  
  170  16:36  Planetary Fortress  
  170  17:00  Siege Tank  
  164  17:02  Siege Tank x3  
  164  17:07  Hellion x2  
  164  17:08  Hellion  
  169  17:34  SCV x4  
Tags
 
Add a new tag
Caveats
  • Supply blocks, unpowered buildings, or Contaminate may cause inaccurate times.
  • Supply counts are checked every 10 seconds.